 Dungeon Crawl Stone Soup version bcrawl-1.40.1 (webtiles) character file.

Game seed: 7451269814203538037

248589 Mehrunes the Cleaver (level 10, -15/90 HPs)
             Began as a Demigod Fighter on Oct 29, 2023.
             Demolished by a rakshasa
             ... wielding a +2 long sword of electrocution
              (19 damage)
             ... on level 9 of the Dungeon.
             The game lasted 00:22:16 (13098 turns).

Mehrunes the Cleaver (Demigod Fighter)             Turns: 13098, Time: 00:22:17

Health: -15/90     AC: 20    Str: 24    XL:     10   Next: 98%
Magic:  29/29      EV: 10    Int: 14    God:    Demigod [****..]
Gold:   628        SH:  0    Dex: 16    Spells: 9/9 levels left

rFire    . . .     GDR:     34% a - +0 war axe
rCold    . . .     SeeInvis .   (no shield)
rNeg     . . .     Gourm    .   O - +0 plate armour
rPois    .         Faith    .   y - +0 helmet
rElec    .         Spirit   .   u - +0 cloak
rCorr    .         Reflect  .   l - +0 pair of gloves
MR       +....                  D - +2 pair of boots
Stlth    +.........             (no amulet)
HPRegen  0.25/turn              n - ring of stealth
MPRegen  0.21/turn              s - ring of magical power

@: heroism
A: high mp 1
a: Temporal Distortion, Growth, Major Destruction, Heroism


You were on level 9 of the Dungeon.
You worshipped Demigod.
Demigod was greatly pleased with you.
You were hungry.

You visited 1 branch of the dungeon, and saw 9 of its levels.

You collected 628 gold pieces.

Inventory:

Hand Weapons
 a - a +0 war axe (weapon)
 b - a +0 hunting sling
 F - the +1 rapier of Juunowk {venom, rElec Int-3 Dex+4}
   (You found it on level 5 of the Dungeon)

   It poisons the flesh of those it strikes.
   It affects your intelligence (-3).
   It affects your dexterity (+4).
   It insulates you from electricity.
 G - a cursed +0 morningstar
Missiles
 M - 296 stones
 N - 204 sling bullets
Armour
 c - a +0 medium shield (quivered)
 l - a +0 pair of gloves (worn)
 u - a +0 cloak (worn)
 y - a +0 helmet (worn)
 D - a +2 pair of boots (worn)
 O - a +0 plate armour (worn)
Jewellery
 n - a ring of stealth (left hand)
 s - a ring of magical power (right hand)
 B - a cursed +5 ring of dexterity
 H - the ring of Udghogo {rPois Int+6, unknown}
   (You found it on level 6 of the Dungeon)

   [ring of intelligence]

   It affects your intelligence (+6).
   It protects you from poison.
 K - a +3 ring of intelligence {unknown}
Scrolls
 f - 2 scrolls of fog
 g - 6 scrolls of remove curse
 h - a scroll of teleportation {unknown}
 i - 2 scrolls of identify
 j - a scroll of noise
 p - a scroll of enchant weapon {unknown}
 r - 4 scrolls of revelation
 t - 4 scrolls of amnesia {unknown}
 w - 2 scrolls of fear {unknown}
 C - a scroll of immolation {unknown}
 I - 2 scrolls of acquirement {unknown}
Potions
 d - a potion of might
 k - a potion of heal wounds {unknown}
 m - 2 potions of brilliance {unknown}
 o - 2 potions of cancellation {unknown}
 q - a potion of agility {unknown}
 v - a potion of lignification {unknown}
 A - a potion of invisibility {unknown}
 E - 3 potions of flight {unknown}
 J - a potion of haste {unknown}
 L - a potion of curing {unknown}
Miscellaneous
 z - a phantom mirror
Comestibles
 e - 12 rations {!d}


   Skills:
 + Level 8.9(13.9) Fighting
 * Level 11.4(16.4) Axes
 + Level 2.8(7.8) Armour
 - Level 2.6(7.6) Shields
 + Level 9.0 Invocations


You had 9 spell levels left.
You didn't know any spells.
Your spell library was empty.

Dungeon Overview and Level Annotations

Branches:
Dungeon (9/12)             Temple (0/1) D:6            Lair (0/6) D:9
    Orc: D:8-11

Shops:
D:6 %

Annotations:
D:5 2 transporters, 1 exclusion, evdryen's ghost, amateur CeHu
D:6 exclusions: ogre and 9 more exclusions
D:7 1 exclusion
D:8 1 exclusion


Innate Abilities, Weirdness & Mutations

You have an increased reservoir of magic. (+10% MP)


Message History

You hit the rakshasa.
The rakshasa hits you but does no damage.
You slice the rakshasa!!
You kill the rakshasa!
You closely miss the rakshasa.
The rakshasa hits you but does no damage.
You are electrocuted!
The rakshasa hits you with a +2 long sword of electrocution!
* * * LOW HITPOINT WARNING * * *
The rakshasa hits you with a +2 long sword of electrocution!
* * * LOW HITPOINT WARNING * * *
The rakshasa barely misses you.
You miss the rakshasa.
The rakshasa is heavily wounded.
You hit the rakshasa.
The rakshasa hits you with a +2 long sword of electrocution.
* * * LOW HITPOINT WARNING * * *
You are electrocuted!!
You die...
Your divinity fades.

.>......#.## #....
#...#......# ##.<..
.........#.# #.#..#
..........## ##...##
...........###......
#.. ##.#....÷......#...
#>.# #....#..<.....##..
#..###...###..###..###.
#...R@R...........##..
#.........<...†...##..
#....#....#..####....Z
#...#....##..# ##....
#.......###.[# #....
#...####.##
#..###.....# .... #..#
#..........# ...
##..##....#####.# ..
#..#..### #..


You could see 2 rakshasas.

Vanquished Creatures
  3 death yaks
  An ugly thing (D:9)
  2 trolls
  Grinder (D:4)
  3 hippogriffs
  5 yaks (D:8)
  Menkaure (D:4)
  2 porcupines (D:9)
  2 orc warriors
  An ice beast (D:5)
  A sky beast (D:5)
  A black bear (D:9)
  4 ogres
  4 bullfrogs
  4 kobold brigands
  A centaur (D:9)
  5 scorpions
  2 howler monkeys
  5 crimson imps
  A bullfrog zombie (D:8)
  2 jellies
  11 orc wizards
  4 hounds
  2 iguanas
  2 hell rats (D:9)
  10 worker ants
  A worker ant zombie (D:6)
  13 gnolls
  11 adders
  A river rat (D:9)
  3 shadow imps
  An ooze (D:3)
  3 adder skeletons
  A worm (D:2)
  2 dart slugs (D:1)
  5 leopard geckos
  30 orcs
  2 giant cockroaches (D:3)
  2 goblins (D:2)
  7 hobgoblins
  11 jackals
  32 kobolds
  3 quokkas
  3 ball pythons
  7 bats
  6 frilled lizards
  A goblin skeleton (D:9)
  2 orc zombies (D:9)
  6 rats
233 creatures vanquished.

Vanquished Creatures (others)
  A plant (D:8)
1 creature vanquished.

Grand Total: 234 creatures vanquished

Notes
Turn   | Place    | Note
-------+----------+-------------------------------------------
     0 | D:1      | Mehrunes the Demigod Fighter began the quest for the Orb.
     0 | D:1      | Reached XP level 1. HP: 18/18 MP: 3/3
    63 | D:1      | Reached skill level 2 in Axes
   103 | D:1      | Reached XP level 2. HP: 26/26 MP: 4/4
   335 | D:1      | Reached * piety under Demigod
   580 | D:1      | Reached XP level 3. HP: 31/31 MP: 5/5
  1444 | D:2      | Reached skill level 3 in Axes
  1530 | D:2      | Reached XP level 4. HP: 40/40 MP: 6/6
  2412 | D:3      | Reached XP level 5. HP: 45/46 MP: 7/7
  2419 | D:3      | Reached ** piety under Demigod
  2422 | D:3      | Reached skill level 4 in Axes
  2533 | D:3      | Found a hazy altar of Hepliaklqana.
  3339 | D:3      | Reached XP level 6. HP: 28/53 MP: 8/8
  3463 | D:4      | Noticed Grinder
  3642 | D:4      | Noticed Menkaure
  3651 | D:4      | Killed Menkaure
  3652 | D:4      | Reached skill level 5 in Axes
  3746 | D:4      | Found a shadowy altar of Dithmenos.
  3992 | D:4      | Paralysed by Grinder for 2 turns
  3999 | D:4      | Killed Grinder
  4000 | D:4      | Reached skill level 5 in Fighting
  4000 | D:4      | Reached skill level 6 in Axes
  4000 | D:4      | Reached XP level 7. HP: 24/61 MP: 9/9
  4799 | D:5      | Entered Level 5 of the Dungeon
  5068 | D:5      | Got an ichor-stained rapier
  5071 | D:5      | Identified the +1 rapier of Juunowk {venom, rElec Int-3
                  | Dex+4} (You found it on level 5 of the Dungeon)
  5267 | D:5      | Reached *** piety under Demigod
  5397 | D:5      | Found a transporter.
  5452 | D:5      | Noticed evdryen's ghost (amateur CeHu)
  5469 | D:5      | Found a transporter.
  5809 | D:5      | Reached skill level 7 in Axes
  5809 | D:5      | Reached XP level 8. HP: 70/70 MP: 10/10
  6093 | D:6      | Reached skill level 1 in Invocations
  6264 | D:6      | Found a staircase to the Ecumenical Temple.
  6405 | D:6      | Found Zotuwuna's Food Emporium.
  6595 | D:6      | Reached skill level 8 in Axes
  7179 | D:6      | Reached XP level 9. HP: 78/78 MP: 15/15
  7358 | D:6      | Got an ancient lapis lazuli ring
  8061 | D:7      | Noticed a troll
  8074 | D:7      | Killed a troll
  8483 | D:7      | Reached skill level 9 in Axes
  8687 | D:7      | Reached skill level 5 in Invocations
  9232 | D:8      | Reached **** piety under Demigod
 10806 | D:8      | Reached skill level 10 in Axes
 10811 | D:8      | Reached XP level 10. HP: 78/88 MP: 18/18
 11175 | D:9      | Noticed a death yak
 11181 | D:9      | Noticed a death yak
 11410 | D:8      | Killed a death yak
 11685 | D:9      | Found a basalt altar of Yredelemnul.
 11871 | D:8      | HP: 4/88 [hell rat (2)]
 11873 | D:8      | HP: 1/88 [hell rat (3)]
 12222 | D:9      | Noticed a cyan ugly thing
 12700 | D:9      | Found a staircase to the Lair.
 12709 | D:9      | Noticed a death yak
 12718 | D:9      | Killed a death yak
 12719 | D:9      | Reached skill level 11 in Axes
 12732 | D:9      | Killed a death yak
 12889 | D:9      | Found a bloodstained altar of Trog.
 12890 | D:9      | Found a burning altar of Makhleb.
 12892 | D:9      | Found a shimmering altar of Xom.
 12894 | D:9      | Found a glowing silver altar of Zin.
 12895 | D:9      | Found a sacrificial altar of Ru.
 12896 | D:9      | Found a snail-covered altar of Cheibriados.
 12946 | D:9      | Killed a cyan ugly thing
 13002 | D:9      | Noticed a rakshasa
 13098 | D:9      | HP: 4/90 [rakshasa/+2 long sword of electrocution (6)]
 13098 | D:9      | Demolished by a rakshasa

Skill      XL: |  1  2  3  4  5  6  7  8  9 10 |
---------------+-------------------------------+-----
Axes           | 2 3 4 6 7 8 10 11 | 11.4
Fighting       | 3 4 5 6 7 8 |  8.9
Invocations    | 3 6 9 |  9.0
Armour         | |  2.8
Shields        | |  2.6

Action                   |  1- 3 |  4- 6 |  7- 9 | 10-12 || total
-------------------------+-------+-------+-------+-------++-------
Melee: War axe           |   104 |   160 |   393 |   169 ||   826
 Fire: Hunting sling     |       |       |     8 |    14 ||    22
Invok: Major Destruction |       |       |     3 |       ||     3
       Heroism           |       |       |     1 |     5 ||     6
       Growth            |       |       |       |     1 ||     1
Evoke: Wand              |       |       |     5 |       ||     5
  Use: Scroll            |       |     3 |     2 |       ||     5
       Potion            |       |     1 |       |       ||     1
 Stab: Distracted        |       |       |     1 |       ||     1
       Paralysed         |       |       |     2 |       ||     2
       Sleeping          |       |       |     1 |       ||     1
  Eat: Chunk             |     6 |    11 |    27 |     7 ||    51
       Ration            |       |       |     2 |     1 ||     3
Armor: Scale mail        |    57 |    81 |   154 |       ||   292
       Plate armour      |       |       |    57 |   109 ||   166
       Chain mail        |       |       |    34 |       ||    34
Dodge: Dodged            |    62 |    88 |   163 |    59 ||   372
